 Dungeon Crawl Stone Soup version 0.19-a0-1007-g133f65f (webtiles) character file.

35 Implojin the Ruffian (level 3, -6/36 HPs)
             Began as a Troll Fighter on July 19, 2016.
             Killed by divine providence
             ... invoked by an orc priest
              (16 damage)
             ... on level 2 of the Dungeon.
             The game lasted 00:01:15 (186 turns).

Implojin the Ruffian (Troll Fighter)                 Turns: 186, Time: 00:01:16

Health: -6/36      AC:  5    Str: 29    XL:     3   Next: 17%
Magic:  2/2        EV:  8    Int:  4    God:
Gold:   0          SH:  9    Dex: 10    Spells: 0 memorised, 2 levels left

rFire  . . .     SeeInvis .       - Unarmed
rCold  . . .     Gourm    +     a - +0 robe
rNeg   . . .     Faith    .     b - +0 shield
rPois  .         Spirit   .     (helmet restricted)
rElec  .         Dismiss  .     (no cloak)
rCorr  .         Reflect  .     (gloves unavailable)
SustAt .         Harm     .     (boots unavailable)
MR     .....                    (no amulet)
Stlth  +.........               (no ring)
                                (no ring)

@: mighty, not resistant to hostile enchantments, very unstealthy
A: unfitting armour, claws 3, fast metabolism 3, gourmand, regeneration 2,
shaggy fur 1, tough skin 2
a: no special abilities


You were on level 2 of the Dungeon.
You were full.

You visited 1 branch of the dungeon, and saw 3 of its levels.

Inventory:

Armour
 a - a +0 robe (worn)
 b - a +0 shield (worn)
Scrolls
 e - a scroll of fear {unknown}
Potions
 f - a potion of curing {unknown}
Comestibles
 d - 2 bread rations
 h - a slice of pizza


   Skills:
 - Level 2.4 Fighting
 - Level 2.4 Dodging
 - Level 2.4 Shields
 * Level 3.6 Unarmed Combat


You had 2 spell levels left.
You didn't know any spells.

Dungeon Overview and Level Annotations

Branches:
Dungeon (3/15)

Altars:

Annotations:
D:3 fairyof's ghost, amateur NaFi


Innate Abilities, Weirdness & Mutations

You are too large for most types of armour.
You have claws for hands.
Your metabolism is lightning-fast.
You like to eat raw meat.
You heal very quickly.
You are covered in fur. (AC +1)
You have very tough skin. (AC +2)


Message History

Something hits you but does no damage.
You climb upwards.
There is a stone staircase leading down here.
Unknown command.
Unknown command.
You scratch the orc.
The orc is severely wounded.
You block the orc's attack.
You hear some strange, mumbled words.
A puff of flame appears from out of thin air!
The puff of flame hits you!
* * * LOW HITPOINT WARNING * * *
You closely miss something. You block the orc's attack. Something hits you.
* * * LOW HITPOINT WARNING * * *
Unknown command.
Unknown command.
You claw something! The orc hits you but does no damage.
You block something's attack.
Unknown command.
Unknown command.
You closely miss something. The orc hits you with a dagger.
* * * LOW HITPOINT WARNING * * *
Something hits you.
* * * LOW HITPOINT WARNING * * *
Unknown command.
You closely miss something. You block the orc's attack. Something hits you.
* * * LOW HITPOINT WARNING * * *
Unknown command.
You closely miss something. The orc hits you but does no damage.
Something hits you but does no damage.
You barely miss something. You block the orc's attack.
Something hits you but does no damage.
You closely miss something. The orc hits you but does no damage.
You block something's attack.
You closely miss something. The orc hits you but does no damage.
Something hits you but does no damage.
You barely miss something. You block the orc's attack.
The orc priest calls down the wrath of Beogh upon you.
Beogh smites you!
You die...

##.#.#.# #..#
##...# #..# ##.##
#..# #.# #..# #.#
#..#
#.#########..#
#......[.....#
###############.##
#.....o{@o.....<#
#.###############


You could see an orc priest and an orc.

Vanquished Creatures
  An orc wizard (D:2)
  A giant cockroach (D:1)
  A hobgoblin (D:1)
  A bat (D:2)
  3 giant newts
  A goblin (D:1)
  2 rats
10 creatures vanquished.

Notes
Turn   | Place    | Note
-------+----------+-------------------------------------------
     0 | D:1      | Implojin the Troll Fighter began the quest for the Orb.
     0 | D:1      | Reached XP level 1. HP: 22/22 MP: 0/0
   163 | D:3      | Noticed an orc wizard
   163 | D:3      | Noticed an orc priest
   163 | D:3      | Noticed an orc wizard
   163 | D:3      | Noticed fairyof's ghost (amateur NaFi)
   167 | D:2      | Killed an orc wizard
   167 | D:2      | Reached skill level 3 in Unarmed Combat
   167 | D:2      | Reached XP level 2. HP: 14/29 MP: 1/1
   167 | D:2      | Reached XP level 3. HP: 17/36 MP: 2/2
   186 | D:2      | Killed from afar by an orc priest

Vault maps used:
D:1:      minmay_arrival_pointy
D:2:      first_bread, patterned_corridor
D:3:      uniq_robin

Skill      XL: |  1 |
---------------+----+-----
Unarmed Combat | 3 |  3.6
Fighting       | |  2.4
Dodging        | |  2.4
Shields        | |  2.4

Action                   || total
-------------------------++-------
Melee: Unarmed           ||    42
  Use: Potion            ||     1
  Eat: Chunk             ||     4
Armor: Robe              ||    25
Dodge: Dodged            ||    13
Block: Shield            ||    30

Table legend:
 A = Turns spent in this place as a percentage of turns spent in the entire game.
 B = Non-inter-level travel turns spent in this place as a percentage of non-inter-level travel turns spent in the entire game.
 C = Inter-level travel turns spent in this place as a percentage of turns spent in this place.
 D = Turns resting spent in this place as a percentage of non-inter-level travel turns spent in this place.
 E = Turns spent auto-exploring this place as a percentage of non-inter-level travel turns spent in this place.
 F = Non-inter-level travel turns spent in this place divided by the number of levels of this place that you've seen.
                   A       B       C       D       E      F
               +-------+-------+-------+-------+-------+----------------------
         Total | 100.0 | 100.0 |   0.0 |   0.0 |   0.0 |  64.7
       Dungeon | 100.0 | 100.0 |   0.0 |   0.0 |   0.0 |  64.7
               +-------+-------+-------+-------+-------+----------------------

Table legend:
 A = Kills in this place as a percentage of kills in entire the game.
 B = Kills by you in this place as a percentage of kills by you in the entire game.
 C = Kills by friends in this place as a percentage of kills by friends in the entire game.
 D = Other kills in this place as a percentage of other kills in the entire game.
 E = Experience gained in this place as a percentage of experience gained in the entire game.
 F = Experience gained in this place divided by the number of levels of this place that you have seen.
                   A       B       C       D       E      F
               +-------+-------+-------+-------+-------+----------------------
         Total | 100.0 | 100.0 |  -nan |  -nan | 100.0 |  17.0
       Dungeon | 100.0 | 100.0 |  -nan |  -nan | 100.0 |  17.0
               +-------+-------+-------+-------+-------+----------------------
